[Event "Allsvenskan Div I 3 2021/2022: SS Manhem - SS Allians/Motala SS"]
[Site "Schackcentrum, Vegatan 20, Gothenburg, Sweden"]
[Date "2022.04.10"]
[Round "1.1"]
[White "Andersson, Lars"]
[Black "Welin, Mats"]
[Result "1/2-1/2"]
[TimeControl "90 minutes for 40 moves + 30 minutes for the rest of the game + 30 seconds per move from move one."]
[BlackTitle "FM"]
[WhiteFideId "1706772"]
[BlackFideId "1705180"]
[WhiteElo "2066"]
[BlackElo "2329"]

1. d4 d5 2. Bf4 c5 3. e4 dxe4 4. d5 Nf6 5. Nc3 g6 6. Qd2 Bg7 7. O-O-O O-O 8. Nge2 Qb6 9. Ng3 e6 10.
Na4 Qb4 11. Qxb4 cxb4 12. dxe6 Bxe6 13. Nc5 Bd5 14. Bg5 Bc6 15. Bxf6 Bxf6 16. Ncxe4 Be5 17. f3 Nd7 18. Bd3 Nb6 19.
Ne2 Na4 20. c3 bxc3 21. N4xc3 Rac8 22. Bc2 Nxc3 23. Nxc3 Rfd8 24. Rxd8+ Rxd8 25. Be4 Bxc3 26. bxc3 Bxe4 27. fxe4 Rd3 28. Kc2 Re3 29. Rd1 Rxe4 30.
Rd7 Ra4 31. Rxb7 Rxa2+ 32. Kb3 Rxg2 33. c4 Rxh2 34. c5 Rh1 35. Kc4 Rc1+ 36. Kd5 h5 37. c6 h4 38. Rb4 h3 39. Rh4 Rc3 40.
Kd6 g5 41. Rh5 f6 42. c7 Kf7 43. Rh7+ Kg6 44. Rxh3 Rc4 45. Rh8 Rxc7 46. Kxc7 Kf5 47. Kd6 g4 48. Rg8 Kf4 49. Ke6 g3 50.
Kxf6 a5 51. Ke6 Kf3 52. Kd5 g2 53. Kc4 Kf2 54. Kb5 g1=Q 55. Rxg1 Kxg1 56. Kxa5 1/2-1/2

[Event "Allsvenskan Div I 3 2021/2022: SS Manhem - SS Allians/Motala SS"]
[Site "Schackcentrum, Vegatan 20, Gothenburg, Sweden"]
[Date "2022.04.10"]
[Round "1.2"]
[White "Fendrich, David"]
[Black "Andersson, Rikard"]
[Result "1-0"]
[TimeControl "90 minutes for 40 moves + 30 minutes for the rest of the game + 30 seconds per move from move one."]
[WhiteFideId "1705725"]
[BlackFideId "1716506"]
[WhiteElo "2186"]
[BlackElo "2079"]

1. Nf3 e6 2. g3 c5 3. Bg2 d5 4. O-O Nf6 5. b3 b6 6. c4 Bb7 7. cxd5 Nxd5 8. Bb2 Nd7 9. d4 N5f6 10.
Nc3 Be7 11. e4 Nxe4 12. Nxe4 Bxe4 13. dxc5 Nxc5 14. Bxg7 Qxd1 15. Rfxd1 Rg8 16. Bd4 Rd8 17. Ne5 Bxg2 18. Kxg2 Bf6 19.
Nc6 Bxd4 20. Nxd4 a5 21. f4 Rd5 22. Nc6 f6 23. Rxd5 exd5 24. Rd1 Kd7 25. Na7 Ra8 26. Nb5 Kc6 27.
Nd4+ Kc7 28. Nb5+ Kc6 29. Nd4+ Kc7 30. Kf3 Rd8 31. Kg4 Kb7 32. Kf5 Ne4 33. Rc1 Rd6 34. Ne6 b5 35. Rc7+ Kb6 36.
Rxh7 b4 37. Nd4 Nc3 38. h4 Nxa2 39. Rf7 Nc1 40. h5 Nxb3 41. Nxb3 a4 42. Nd2 a3 43. h6 a2 44. Nb3 Kb5 45.
h7 Rd8 46. Ra7 Kc4 47. Nd2+ Kc3 48. Rxa2 b3 1-0

[Event "Allsvenskan Div I 3 2021/2022: SS Manhem - SS Allians/Motala SS"]
[Site "Schackcentrum, Vegatan 20, Gothenburg, Sweden"]
[Date "2022.04.10"]
[Round "1.3"]
[White "Moborn, Anders"]
[Black "Akesson, Joel"]
[Result "1/2-1/2"]
[TimeControl "90 minutes for 40 moves + 30 minutes for the rest of the game + 30 seconds per move from move one."]
[BlackTitle "FM"]
[WhiteFideId "1706349"]
[BlackFideId "1705040"]
[WhiteElo "1984"]
[BlackElo "2222"]

1. d4 Nf6 2. c4 c6 3. Nf3 d5 4. e3 Bg4 5. Nc3 e6 6. Qb3 Qc7 7. Bd2 Nbd7 8. Rc1 Qb6 9. Qxb6 axb6 10.
cxd5 exd5 11. Be2 Bd6 12. h3 Bf5 13. Nh4 Be4 14. a3 h6 15. Nxe4 Nxe4 16. Nf5 Bf8 17. Bd3 g6 18. Bxe4 dxe4 19.
Ng3 f5 20. Rc2 Bd6 21. Ne2 Nf6 22. Bc1 b5 23. b4 Nd5 24. Nc3 Nb6 25. Ke2 Kd7 26. Rd1 Nd5 27. Rf1 Rae8 28. f3 exf3+ 29. Kxf3 Re6 30. Nxd5 cxd5 31.
g3 h5 32. h4 Ree8 33. Rff2 Rc8 34. Rxc8 Rxc8 35. Bb2 Rc4 36. Re2 Ke6 37. Rg2 Rc8 38. Re2 Be7 39. Rg2 Bd6 40. Re2 Rc7 41.
Rg2 Rg7 42. Bc3 Rc7 43. Bb2 Kf6 44. Re2 g5 45. hxg5+ Kxg5 1/2-1/2

[Event "Allsvenskan Div I 3 2021/2022: SS Manhem - SS Allians/Motala SS"]
[Site "Schackcentrum, Vegatan 20, Gothenburg, Sweden"]
[Date "2022.04.10"]
[Round "1.4"]
[White "Troedsson, Anton"]
[Black "Kardell, Mathias"]
[Result "1-0"]
[TimeControl "90 minutes for 40 moves + 30 minutes for the rest of the game + 30 seconds per move from move one."]
[WhiteFideId "1746006"]
[BlackFideId "1710109"]
[WhiteElo "2119"]
[BlackElo "2031"]

1. Nf3 d5 2. b3 Nf6 3. Bb2 Bf5 4. g3 c5 5. Bg2 Nc6 6. O-O Qc7 7. Nh4 Be4 8. f3 Bg6 9. Nxg6 hxg6 10.
f4 e5 11. e3 O-O-O 12. c4 d4 13. Bxc6 bxc6 14. fxe5 Qxe5 15. Qf3 Kc7 16. Na3 Qh5 17. Qxh5 Rxh5 18. exd4 cxd4 19. d3 Rd7 20.
Rae1 Ng4 21. Rf4 f5 22. Re2 Bd6 23. Rf1 Rd8 24. c5 Bxc5 25. Rc1 Bb4 26. Nb5+ Kb6 27. Nxd4 Bc5 28. Rxc5 1-0

[Event "Allsvenskan Div I 3 2021/2022: SS Manhem - SS Allians/Motala SS"]
[Site "Schackcentrum, Vegatan 20, Gothenburg, Sweden"]
[Date "2022.04.10"]
[Round "1.5"]
[White "Kristoffersson, Ivar"]
[Black "Berggren Torell, Harald"]
[Result "0-1"]
[TimeControl "90 minutes for 40 moves + 30 minutes for the rest of the game + 30 seconds per move from move one."]
[WhiteFideId "1746782"]
[BlackFideId "1714031"]
[WhiteElo "1888"]
[BlackElo "2092"]

1. e4 g6 2. d4 d6 3. Bc4 Bg7 4. Nf3 c6 5. a4 Nf6 6. Nc3 d5 7. exd5 cxd5 8. Bb5+ Bd7 9. Bxd7+ Nbxd7 10. O-O O-O 11. a5 a6 12. Bf4 e6 13. Ne2 Rc8 14. c3 Nb8 15. Nc1 Nc6 16. Nb3 Nh5 17. Bg3 Bf6 18. Ne5 Nxe5 19.
Bxe5 Bxe5 20. dxe5 Qg5 21. Re1 Ng7 22. Nd4 Nf5 23. Nf3 Qh6 24. Ra4 Rc5 25. Nd4 Nxd4 26. Qxd4 Rfc8 27. Rb4 Rxa5 28.
Rxb7 Qf8 29. Qb4 Qxb4 30. Rxb4 Rb5 31. Rxb5 axb5 32. Ra1 b4 33. Rc1 Rc4 34. f3 d4 35. Kf2 dxc3 36. bxc3 bxc3 37.
Ke3 g5 38. g3 c2 39. Kd3 Rc5 40. f4 Kg7 41. Rxc2 Rxc2 42. Kxc2 gxf4 43. gxf4 Kg6 44. Kd3 Kf5 45. Ke3 Kg4 46.
Ke4 h5 47. Ke3 h4 48. Ke4 Kh3 49. Kf3 Kxh2 50. Kf2 h3 0-1

[Event "Allsvenskan Div I 3 2021/2022: SS Manhem - SS Allians/Motala SS"]
[Site "Schackcentrum, Vegatan 20, Gothenburg, Sweden"]
[Date "2022.04.10"]
[Round "1.6"]
[White "Bengtsson, Jonas"]
[Black "Haraldsson, Leif"]
[Result "1-0"]
[TimeControl "90 minutes for 40 moves + 30 minutes for the rest of the game + 30 seconds per move from move one."]
[WhiteFideId "1715135"]
[BlackFideId "1710648"]
[WhiteElo "2092"]
[BlackElo "1895"]

1. d4 d6 2. Nf3 Nd7 3. c4 c6 4. Nc3 e5 5. e4 h6 6. Be2 Qf6 7. O-O Ne7 8. Re1 g5 9. d5 Ng6 10.
Be3 c5 11. a3 Be7 12. b4 O-O 13. Rb1 Nf4 14. Bf1 Qg6 15. bxc5 Nxc5 16. Bxc5 dxc5 17. g3 Kh7 18. gxf4 gxf4+ 19. Kh1 Rg8 20. Qd3 b6 21. Ne2 Bf6 22. h3 Ba6 23. Nxf4 exf4 24. e5 Be7 25. Qxg6+ Kxg6 26. Bd3+ Kg7 27.
Re4 Rae8 28. Rxf4 f6 29. exf6+ Bxf6 30. Rg1+ Kf7 31. Rxg8 Rxg8 32. Ne5+ Ke7 33. Nc6+ Kf7 34. Nxa7 Rg5 35.
Nc6 Kg7 36. Na7 Bb2 37. a4 Bd4 38. Nb5 Bf6 39. Nc7 Be5 40. Ne6+ Kg8 41. Rf8# 1-0

[Event "Allsvenskan Div I 3 2021/2022: SS Manhem - SS Allians/Motala SS"]
[Site "Schackcentrum, Vegatan 20, Gothenburg, Sweden"]
[Date "2022.04.10"]
[Round "1.7"]
[White "Holmgren, Peter 1965"]
[Black "Lindholm, Gustav"]
[Result "0-1"]
[TimeControl "90 minutes for 40 moves + 30 minutes for the rest of the game + 30 seconds per move from move one."]
[WhiteFideId "1713906"]
[BlackFideId "1736515"]
[WhiteElo "1871"]
[BlackElo "1971"]

1. d4 d5 2. Nf3 Nf6 3. Bf4 c5 4. c3 Nc6 5. e3 Qb6 6. Qb3 c4 7. Qxb6 axb6 8. Be2 Bf5 9. O-O h6 10.
Nbd2 e6 11. Ne5 b5 12. Nxc6 bxc6 13. a3 Be7 14. h3 g5 15. Be5 Rg8 16. g4 Bh7 17. f3 Nd7 18. Bg3 f5 19. Kh2 c5 20.
Rfc1 cxd4 21. exd4 f4 22. Be1 e5 23. dxe5 Nxe5 24. Bf2 Kf7 25. Bd4 Nd7 26. Re1 Rge8 27. Kg2 Nc5 28. Bxc5 Bxc5 29.
b4 Be3 30. Nf1 Bb6 31. Nd2 Re3 32. Nf1 Rxc3 33. Rad1 d4 34. Nd2 d3 35. Nb1 Rc2 0-1